 Dungeon Crawl Stone Soup version 0.17-a0-2127-g1cb09f6 (webtiles) character file.

16 Woxaris the Digger (level 2, 0/15 HPs)
             Began as a Gargoyle Earth Elementalist on Oct 23, 2015.
             Killed from afar by Sigmund (9 damage)
             ... with a wand of magic darts
             ... on level 2 of the Dungeon.
             The game lasted 00:07:38 (1321 turns).

Woxaris the Digger (Gargoyle Earth Elementalist)    Turns: 1321, Time: 00:07:38

Health: 0/15       AC:  4    Str: 11    XL:     2   Next: 58%
Magic:  3/5        EV: 12    Int: 15    God:
Gold:   134        SH:  0    Dex: 10    Spells: 2 memorised, 2 levels left

rFire  . . .     SeeInvis .     h - +0 mace
rCold  . . .     Clarity  .     b - +0 robe
rNeg   + . .     SustAt   .     (no shield)
rPois  ∞         Gourm    .     (no helmet)
rElec  +         Spirit   .     (no cloak)
rCorr  .         Warding  .     (no gloves)
rMut   .         Stasis   .     (no boots)
MR     .....                    (no amulet)
Stlth  ++........               (no ring)
                                (no ring)

@: not resistant to hostile enchantments, unstealthy
A: negative energy resistance 1, electricity resistance, unbreathing,
petrification resistance, rot immunity, AC +2
a: no special abilities


You were on level 2 of the Dungeon.
You were not hungry.

You visited 1 branch of the dungeon, and saw 2 of its levels.

You collected 134 gold pieces.

Inventory:

Hand Weapons
 h - a +0 mace (weapon)
Missiles
 a - 20 stones (quivered)
Armour
 b - a +0 robe (worn)
 l - a +2 helmet
 m - a +0 pair of boots
Scrolls
 d - a scroll of identify {unknown}
 f - 2 scrolls of teleportation {unknown}
 g - a scroll of enchant armour {unknown}
 i - a scroll of blinking {unknown}
 j - 2 scrolls of remove curse {unknown}
 k - a scroll of noise {unknown}
Potions
 e - a potion of curing {unknown}
Books
 c - a book of Geomancy

   Spells                             Type                      Level
   a - Sandblast                      Earth                        1
   b - Stoneskin                      Transmutation/Earth          2
   c - Passwall                       Transmutation/Earth          3
   d - Stone Arrow                    Conjuration/Earth            3
   e - Petrify                        Transmutation/Earth          4
   f - Lee's Rapid Deconstruction     Earth                        5
Comestibles
 n - a meat ration


   Skills:
 - Level 1.6 Dodging
 - Level 2.6 Stealth
 * Level 2.3 Spellcasting
 - Level 0.7 Transmutations
 + Level 3.9 Earth Magic


You had 2 spell levels left.
You knew the following spells:

 Your Spells              Type           Power        Failure   Level  Hunger
a - Sandblast             Erth           ##....       4%          1    #......
b - Stoneskin             Trmt/Erth      #.......     14%         2    ###....


Dungeon Overview and Level Annotations

Branches:
Dungeon (2/15)

Altars:

Annotations:
D:2 Sigmund


Innate Abilities, Weirdness & Mutations

You are resistant to torment.
Your stone body is resilient (AC +2).
You are immune to poison.
You resist negative energy.
You are resistant to electric shocks.
You can survive without breathing.
You are immune to petrification.
You are immune to rotting.


Message History

Confirm with . or Enter, or press ? or * to list all spells.
You can't see any susceptible monsters within range! (Use Z to cast anyway.)
Casting: Sandblast
Confirm with . or Enter, or press ? or * to list all spells.
Aiming: Sandblast
Press: ? - help, Shift-Dir - straight line The blast of sand hits something.
You hear a zap.
A magic dart appears from out of thin air!
The magic dart hits you!
Casting: Sandblast
Confirm with . or Enter, or press ? or * to list all spells.
Aiming: Sandblast
Press: ? - help, Shift-Dir - straight line The blast of sand hits something.
You hear a zap.
A magic dart appears from out of thin air!
The magic dart hits you!
Ouch! That really hurt!
You die...

.......@#..#.#..
#..........
#.###.###.. #.#
# #.# #.# ####.#
#..######.#
#{...# #..
...##.### #.####
#.. #......# #@#
...###......#
#.###### .
..##......#
#......#
#.#.##......#
#.####.#
#.#.##....<.#
#.####.#
#......######
#....#.#
###.####
#.##.#.# ##..†##
#.##.#.#
#.....#####
#......#


There were no monsters in sight!

Vanquished Creatures
  A worm (D:2)
  A giant gecko (D:2)
  A ball python (D:2)
  A bat (D:2)
  2 goblins (D:1)
  2 hobgoblins (D:1)
  A giant newt (D:2)
  3 rats (D:1)
12 creatures vanquished.

Notes
Turn   | Place    | Note
--------------------------------------------------------------
     0 | D:1      | Woxaris the Gargoyle Earth Elementalist began the quest for the Orb.
     0 | D:1      | Reached XP level 1. HP: 10/10 MP: 3/3
   750 | D:2      | Reached XP level 2. HP: 15/15 MP: 3/5
   827 | D:2      | Learned a level 2 spell: Stoneskin
   919 | D:2      | Noticed Sigmund
  1321 | D:2      | Killed from afar by Sigmund

Vault maps used:
D:1:      mrwooster_arrival_statue_2
D:2:      nicolae_qazlal_style_of_elements, uniq_sigmund

Action                   || total
-------------------------++-------
Melee: Mace              ||    15
 Cast: Sandblast         ||    26
  Eat: Bread ration      ||     1
